AoeStats
← charlatão

Arabia

505553897Analyzed
1v1 RM · 24d ago on Sep 9, 2026· 87m 17s· 2 players
Game mode
Random Map
Map size
Tiny (2 player)
Population
200
Speed
Normal
Resources
Standard
Victory
Conquest
Starting age
Dark Age
Ending age
Imperial Age
RankedLock teamsTeams togetherTeam positionsShared explorationLock speedFull tech treeHidden civsTurbo modeCheats
Victory
Defeat
🇨🇦 Khitans · Canada
1269
+17
🇧🇷 Berbers · Brazil
1294
-17
bachewka
6:08 Loom
9:18 Feudal Age
9:57 Man-at-Arms
12:04 Forging
14:32 Arson
19:42 Scale Mail Armor
21:05 Domestication
24:25 Castle Age
23:06 Gold Mining
23:04 Double-Bit Axe
24:16 Scale Barding Armor
25:07 Husbandry
26:03 Chain Barding Armor
29:28 Wheelbarrow
29:36 Light Cavalry
32:12 Bow Saw
39:44 Hand Cart
46:45 Lamellar Armor
46:02 Elite Skirmisher
47:04 Fletching
47:14 Padded Archer Armor
47:03 Town Watch
47:56 Iron Casting
47:37 Stone Mining
50:47 Imperial Age
50:14 Ballistics
52:09 Thumb Ring
55:30 Chemistry
54:30 Heavy Camel Rider
56:31 Hussar
57:39 Bodkin Arrow
58:26 Capped Ram
62:26 Guard Tower
69:30 Plate Barding Armor
71:59 Murder Holes
72:17 Masonry
73:32 Bracer
74:36 Leather Archer Armor
76:00 Two-Man Saw
75:16 Pastoralism
76:02 Chain Mail Armor
76:18 Ring Archer Armor
76:28 Siege Ram
76:56 Pikeman
77:36 Squires
76:58 Long Swordsman
79:33 Town Patrol
83:13 Ordo Cavalry
83:19 Ordo Cavalry
85:07 Gambesons
84:44 Two-Handed Swordsman
charlatão
7:40 Loom
9:42 Feudal Age
11:05 Double-Bit Axe
11:51 Horse Collar
25:36 Castle Age
28:30 Bow Saw
28:17 Fletching
29:13 Bodkin Arrow
36:36 Bloodlines
40:22 Wheelbarrow
39:32 Town Watch
40:52 Gold Mining
44:50 Imperial Age
43:00 Husbandry
43:31 Thumb Ring
43:50 Ballistics
48:40 Hand Cart
48:59 Bracer
51:46 Light Cavalry
52:58 Padded Archer Armor
53:11 Scale Barding Armor
53:38 Forging
54:02 Hussar
55:04 Chain Barding Armor
60:49 Heavy Camel Rider
63:21 Iron Casting
72:28 Plate Barding Armor
73:46 Blast Furnace
76:44 Scale Mail Armor
82:28 Elite Skirmisher
Connection lost

Rejoining the realm…

Still unreachable

The connection could not be restored.

Session expired

The server has moved on; the page needs a fresh start.